 Dungeon Crawl Stone Soup version 0.30-a0-269-gf0224bf7b6 (webtiles) character file.

Game seed: 3907252274507412524

182409 brknglss the Prince of Secrets (level 17, -4/146 HPs)
             Began as a Gnoll Fire Elementalist on Oct 14, 2022.
             Was a High Priest of Ashenzari.
             Killed from afar by a deep elf knight (28 damage)
             ... with a lance of force
             ... on level 2 of the Elven Halls on Oct 15, 2022.
             The game lasted 02:01:00 (38577 turns).

brknglss the Prince of Secrets (GnFE)              Turns: 38577, Time: 02:01:00

Health: -4/146     AC: 31    Str: 19    XL:     17   Next: 97%
Magic:  8/38       EV: 20    Int: 31    God:    Ashenzari [*****.]
Gold:   2753       SH:  8    Dex: 16    Spells: 7/51 levels left

rFire   + + .      SeeInvis +    J - +9 dagger "Circumscribed Together" {protect, Str+4 Int+5 Stlth+, Elem, Cun} (curse)
rCold   . . .      Faith    .    j - +0 buckler
rNeg    . . .      Spirit   .    P - +3 acid dragon scales of Ashenzari's Sorrow {Rampage rCorr Dex+3, Fort, Comp} (curse)
rPois   .          Reflect  .    R - +2 helmet of Ashenzari's Failure {Cun, Comp} (curse)
rElec   .          Harm     .    K - +0 cloak of Apeoromancy {+Inv rF+ Will+, Elem, Range} (curse)
rCorr   +          Rampage  +    X - +1 pair of gloves of the Ensconced Welkin {Alch, Comp} (curse)
Will    ++...      Clarity  +    Q - +2 pair of boots of the Cosmic Sage {Self, Comp} (curse)
Stlth   +++++++...               m - amulet of the Eternal Portent {Acrobat rF+ Int+5, Melee, Self} (curse)
HPRegen 0.44/turn                F - +6 ring of strength
MPRegen 0.26/turn                Y - ring of Ouranomancy {Wiz, Evo, Self} (curse)

@: under a protective aura, studying Ice Magic
A: fangs 1, strong nose, distributed training
}: 1/15 runes: decaying
a: Renounce Religion, Evoke Invisibility, Curse Item, Shatter the Chains


You were on level 2 of the Elven Halls.
You worshipped Ashenzari.
Ashenzari was extremely pleased with you.
You visited 6 branches of the dungeon, and saw 26 of its levels.
You also visited: Bailey and Ice Cave.

You collected 3871 gold pieces.
You spent 1118 gold pieces at shops.

Inventory:

Hand Weapons
 H - the +8 dagger "Qovvel" {freeze, rF+ Int+2}
   (You found it on level 6 of the Dungeon)

   It freezes those it strikes, dealing additional cold damage.
   It can also slow down cold-blooded creatures.
   Int:       It affects your intelligence (+2).
   rF:        It protects you from fire.
 J - the cursed +9 dagger "Circumscribed Together" (weapon) {protect, Str+4 Int+5 Stlth+, Elem, Cun}
   (You found it on level 9 of the Dungeon)

   It grants its wielder temporary protection when it strikes (+7 to AC).
   Str:       It affects your strength (+4).
   Int:       It affects your intelligence (+5).
   Stlth:     It makes you more stealthy.
   It has a curse which improves the following skills: Elements: Fire Magic, Ice
   Magic, Air Magic and Earth Magic.
   Cunning:   Dodging and Stealth.
Missiles
 c - 40 poisoned darts
 T - 3 curare-tipped darts
Armour
 j - a +0 buckler (worn)
 K - the cursed +0 cloak of Apeoromancy (worn) {+Inv rF+ Will+, Elem, Range}
   (You found it on level 7 of the Dungeon)

   rF:        It protects you from fire.
   +Inv:      It lets you turn invisible.
   Will:      It increases your willpower.
   It has a curse which improves the following skills: Elements: Fire Magic, Ice
   Magic, Air Magic and Earth Magic.
   Ranged Combat: Ranged Weapons and Throwing.
 P - the cursed +3 acid dragon scales of Ashenzari's Sorrow (worn) {Rampage rCorr Dex+3, Fort, Comp}
   (You took it off a spriggan in a bailey)

   Dex:       It affects your dexterity (+3).
   rCorr:     It protects you from acid and corrosion.
   Rampage:   It bestows one free step when moving towards enemies.
   It has a curse which improves the following skills: Fortitude: Armour and
   Shields.
   Companions: Summonings and Necromancy.
 Q - the cursed +2 pair of boots of the Cosmic Sage (worn) {Self, Comp}
   (You found it on level 7 of the Dungeon)

   It has a curse which improves the following skills: Introspection: Fighting
   and Spellcasting.
   Companions: Summonings and Necromancy.
 R - the cursed +2 helmet of Ashenzari's Failure (worn) {Cun, Comp}
   (You found it on level 7 of the Dungeon)

   It has a curse which improves the following skills: Cunning: Dodging and
   Stealth.
   Companions: Summonings and Necromancy.
 V - a +2 helmet of see invisible
 W - the +8 chain mail "Zuuteax" {rF+ rC+ MP+9 Stlth+}
   (You found it on level 9 of the Dungeon)

   rF:        It protects you from fire.
   rC:        It protects you from cold.
   MP:        It affects your magic capacity (+9).
   Stlth:     It makes you more stealthy.
 X - the cursed +1 pair of gloves of the Ensconced Welkin (worn) {Alch, Comp}
   (You found it on level 3 of the Swamp)

   It has a curse which improves the following skills: Alchemy: Poison Magic and
   Transmutations.
   Companions: Summonings and Necromancy.
Jewellery
 m - the cursed amulet of the Eternal Portent (around neck) {Acrobat rF+ Int+5, Melee, Self}
   (You found it on level 2 of the Dungeon)

   [amulet of the acrobat]

   It increases your evasion while moving and waiting.
   Int:       It affects your intelligence (+5).
   rF:        It protects you from fire.
   It has a curse which improves the following skills: Melee Combat: Short
   Blades, Long Blades, Axes, Maces & Flails, Polearms, Staves and Unarmed
   Combat.
   Introspection: Fighting and Spellcasting.
 q - a ring of magical power
 s - a ring of resist corrosion
 F - a +6 ring of strength (left hand)
 O - a ring of positive energy
 Y - the cursed ring of Ouranomancy (right hand) {Wiz, Evo, Self}
   (You bought it in a shop on level 2 of the Orcish Mines)

   [ring of wizardry]

   It improves your spell success rate.
   It has a curse which improves the following skills: Evocations: Evocations.
   Introspection: Fighting and Spellcasting.
 Z - a ring of willpower
Wands
 d - a wand of mindburst (7)
 e - a wand of acid (16)
 w - a wand of iceblast (18)
 A - a wand of digging (17)
 B - a wand of flame (48)
 N - a wand of polymorph (15)
 S - a wand of paralysis (26)
Scrolls
 f - 2 scrolls of amnesia
 h - a scroll of summoning
 l - 3 scrolls of vulnerability
 n - 3 scrolls of blinking
 p - 7 scrolls of teleportation
 t - 3 scrolls of enchant weapon
 x - 3 scrolls of fog
 y - 4 scrolls of silence
 C - 3 scrolls of fear
 E - 5 scrolls of immolation
 G - a scroll of enchant armour
 I - 4 scrolls of torment
 L - 3 scrolls of magic mapping
 M - 2 scrolls of brand weapon
Potions
 a - 2 potions of attraction
 g - 3 potions of heal wounds
 i - 7 potions of flight
 k - 2 potions of ambrosia
 o - 13 potions of curing
 r - 2 potions of might
 u - a potion of resistance
 v - 4 potions of invisibility
 z - 3 potions of brilliance
 D - 6 potions of mutation
 U - 2 potions of magic
Miscellaneous
 b - a tin of tremorstones (2/2)


   Skills:
 + Level 12.4(16.9) Fighting
 + Level 12.4(14.7) Short Blades
 + Level 12.4(14.7) Long Blades
 + Level 12.4(14.7) Axes
 + Level 12.4(14.7) Maces & Flails
 + Level 12.4(14.7) Polearms
 + Level 12.4(14.7) Staves
 + Level 12.4(14.7) Ranged Weapons
 + Level 12.4(14.7) Throwing
 + Level 12.4(14.7) Armour
 + Level 13.2(16.6) Dodging
 + Level 13.1(16.5) Stealth
 + Level 12.4(14.7) Shields
 + Level 12.4(14.7) Unarmed Combat
 + Level 13.3(17.8) Spellcasting
 + Level 10.8 Conjurations
 + Level 10.5 Hexes
 + Level 10.5(16.0) Summonings
 + Level 10.5(16.0) Necromancy
 + Level 10.5 Translocations
 + Level 10.5(12.8) Transmutations
 + Level 11.8(15.2) Fire Magic
 + Level 12.5(15.9) Ice Magic
 + Level 10.5(14.0) Air Magic
 + Level 10.5(14.0) Earth Magic
 + Level 10.5(12.8) Poison Magic
 + Level 13.5 Invocations
 + Level 12.4(14.7) Evocations


You had 7 spell levels left.
You knew the following spells:

 Your Spells              Type           Power      Damage    Failure   Level
a - Foxfire               Conj/Fire      100%       2x1d9     0%          1
b - Scorch                Fire           100%       2d10      0%          2
c - Flame Wave            Conj/Fire      83%        2d18      1%          4
d - Frozen Ramparts       Ice            100%       1d16      0%          3
e - Summon Mana Viper     Hex/Summ       83%        N/A       1%          5
f - Summon Cactus Giant   Summ           45%        N/A       1%          6
g - Summon Ice Beast      Ice/Summ       91%        N/A       1%          4
h - Lee's Rapid Deconstr  Erth           42%        3d22*     1%          5
i - Iron Shot             Conj/Erth      40%        9d8       1%          6
j - Ignition              Fire           44%        3d13      11%         8

Your spell library contained the following spells:

 Spells                   Type           Power      Damage    Failure   Level
 Beastly Appendage        Tmut           100%       N/A       0%          1
 Freeze                   Ice            100%       1d10      0%          1
 Necrotise                Necr           100%       1d9       0%          1
 Sandblast                Erth           100%       2d20      0%          1
 Sting                    Tmut/Pois      100%       1d8       0%          1
 Summon Small Mammal      Summ           100%       N/A       0%          1
 Passwall                 Tmut/Erth      70%        N/A       0%          2
 Poisonous Vapours        Pois/Air       100%       N/A       0%          2
 Wereblood                Tmut           82%        N/A       0%          2
 Ignite Poison            Fire/Tmut/Pois 84%        N/A       0%          3
 Ozocubu's Armour         Ice            91%        N/A       0%          3
 Apportation              Tloc           100%       N/A       1%          1
 Dazzling Flash           Conj/Hex       100%       N/A       1%          3
 Hailstorm                Conj/Ice       84%        3d17      1%          3
 Inner Flame              Hex/Fire       82%        N/A       1%          3
 Kindle Blastsparks       Fire/Tloc/Air  100%       2d18      1%          3
 Portal Projectile        Hex/Tloc       100%       N/A       1%          3
 Spider Form              Tmut/Pois      82%        N/A       1%          3
 Stone Arrow              Conj/Erth      100%       3d13      1%          3
 Tukima's Dance           Hex            75%        N/A       1%          3
 Animate Armour           Summ/Erth      100%       N/A       1%          4
 Cause Fear               Hex            37%        N/A       1%          4
 Fulminant Prism          Conj/Hex       38%        3d18      1%          4
 Ice Form                 Ice/Tmut       86%        N/A       1%          4
 Iskenderun's Mystic Bla  Conj/Tloc      76%        2d15      1%          4
 Manifold Assault         Tloc           75%        N/A       1%          4
 Olgreb's Toxic Radiance  Pois           82%        N/A       1%          4
 Sticky Flame             Conj/Fire      83%        2d9       1%          4
 Agony                    Necr           91%        N/A       1%          5
 Blade Hands              Tmut           41%        N/A       1%          5
 Borgnjor's Vile Clutch   Necr/Erth      44%        N/A       1%          5
 Fireball                 Conj/Fire      41%        3d17      1%          5
 Iskenderun's Battlesphe  Conj           76%        2d12      1%          5
 Metabolic Englaciation   Hex/Ice        41%        N/A       1%          5
 Silence                  Hex/Air        40%        N/A       1%          5
 Summon Forest            Summ/Tloc      41%        N/A       1%          5
 Conjure Ball Lightning   Conj/Air       40%        3x3d13    1%          6
 Dispersal                Tloc           37%        N/A       1%          6
 Simulacrum               Ice/Necr       45%        N/A       1%          6
 Statue Form              Tmut/Erth      56%        N/A       1%          6
 Orb of Destruction       Conj           38%        9d11      9%          7
 Discord                  Hex            37%        N/A       52%         8
 Disjunction              Tloc           37%        N/A       52%         8
 Shatter                  Erth           42%        3d33*     92%         9
 Fire Storm               Conj/Fire      41%        8d11      98%         9
 Chain Lightning          Conj/Air       40%        3d54      99%         9


Dungeon Overview and Level Annotations

Branches:
Dungeon (12/15)            Temple (1/1) D:5            Lair (5/5) D:10
  Swamp (4/4) Lair:2        Snake (0/4) Lair:2        Slime (0/5) Lair:5
    Orc (2/2) D:9             Elf (2/3) Orc:2        Bailey (visited)
  IceCv (visited)

Altars:
Ashenzari
Cheibriados
Dithmenos
Elyvilon
Fedhas
Gozag
Hepliaklqana
Kikubaaqudgha
Makhleb
Nemelex Xobeh
Okawaru
Ru
Sif Muna
Trog
Uskayaw
Vehumet
Wu Jian
Xom
Yredelemnul
Zin
The Shining One
Jiyva
Lugonu

Shops:
D:2 :   Orc:2 *([=   Elf:2 !

Portals:
Abyss: Lair:5

Annotations:
D:3 exclusion: statue
D:12 Jorgrun


Innate Abilities, Weirdness & Mutations

You have very sharp teeth.
Your uncanny sense of smell can sniff out nearby items.
Your experience applies equally to all skills.


Message History

There's a creature in the gateway!
You swap places.
You see here a +5 short sword of venom.
You close the gate.
You start resting.
Your cactus giant looks more healthy.
Your cactus giant disappears in a puff of smoke!
Your ice beast disappears in a puff of smoke!
A deep elf knight is nearby!
The deep elf knight hits you with a +0 long sword!!
There is a broken translucent gate, spattered with blood here.
You hit the deep elf knight.
Your weapon exudes an aura of protection.
The deep elf knight is lightly wounded.
The deep elf knight gestures at you while chanting.
The shard of ice hits you!!!
* * * LOW HITPOINT WARNING * * *
The deep elf knight casts a spell.
The deep elf knight seems to speed up.
You see here a +5 short sword of venom.
Casting: Foxfire (safe; 0% risk of failure)
Confirm with . or Enter, or press ? or * to list all spells.
Flames lash the deep elf knight.
The deep elf knight is lightly wounded.
The deep elf knight's fire resistance burns away.
The deep elf knight casts a spell at you.
The shard of ice misses you.
Casting: Scorch (safe; 0% risk of failure)
Confirm with . or Enter, or press ? or * to list all spells.
Aiming: Iron Shot (mildly dangerous; 1% risk of failure)
Press: ? - help, Shift-Dir - straight line, f - deep elf knight
Aim: a deep elf knight, wielding a +0 long sword (lightly wounded, fast, more vulnerable to fire, 54% to hit)
The iron shot hits the deep elf knight!!!
The deep elf knight is almost dead.
The deep elf knight casts a spell at you.
The shard of ice hits you!
* * * LOW HITPOINT WARNING * * *
The deep elf knight points at you and mumbles some strange words.
The lance of force hits you!!
You die...

* ,,,,, ,, ,, , , * * ,,
......** ,, ,, .......##
##########* , ,......#.#
##...#.#... *,
.....#..###.....#.....## *,
,....#...##.)...........# ,
,*,,...#....##.............#
,,*,..#.....##@........)...###
, * #....).e'#)...)......#..#
,, * #......)'.#..).8....#...#
,, #......)'#.....).....#..#
,, ,*
..#.....##..)..).))....).#
,*,,...#....##))....))......##
,*, ,....#...##..............#
* , .....#..###...).#.....#.#
,, ,,.....#.# ##.).#^#...##.#


You could see a deep elf knight (fast, combustible).

Vanquished Creatures
  Nikola (Swamp:1)
  A deep elf blademaster (Elf:1)
  A deep elf master archer (Elf:2)
  2 thorn hunters
  Roxanne (Swamp:1)
  A fenstrider witch (Swamp:4)
  A deep elf sorcerer (Elf:2)
  An orc warlord (Orc:1)
  A reaper (IceCv)
  3 eleionomae
  A deep elf annihilator (Elf:2)
  A bunyip (Swamp:3)
  A spriggan air mage (Swamp:4)
  Harold (D:10)
  An ice dragon (Lair:4)
  7 hydras
  2 catoblepae
  A two-headed ogre (Bailey)
  5 alligators
  10 dancing weapons
  An orc high priest (Orc:2)
  12 death yaks
  A thrashing horror (Lair:5)
  6 deep elf knights
  Amaemon (D:8)
  2 goliath frogs
  A sea snake (shapeshifter) (Lair:5)
  3 spriggan druids
  10 swamp dragons
  A death drake (Swamp:3)
  Pikel (D:9)
  A bog body (Lair:2)
  3 orc knights (Orc:2)
  12 deep elf pyromancers
  16 deep elf zephyrmancers
  6 orc sorcerers
  3 will-o-the-wisps
  3 ugly things (Lair:5)
  2 cyclopes (D:11)
  The ghost of CertainDeath the Grasshopper, a novice AtWr (D:6)
  A torpor snail (Lair:4)
  25 elephants
  7 centaur zombies (D:10)
  4 black mambas
  3 large abominations (Lair:5)
  A smoke demon (Lair:5)
  3 ice statues
  An orange demon (D:8)
  A rime drake (Lair:1)
  Psyche (D:9)
  Maggie (D:6)
  14 cane toads
  An unseen horror zombie (D:10)
  5 anaconda simulacra (IceCv)
  6 ice devils (IceCv)
  An efreet (D:11)
  13 komodo dragons
  An ancient zyme (Lair:5)
  2 freezing wraiths
  5 polar bears
  4 trolls
  2 slime creatures (Lair:5)
  Prince Ribbit (D:6)
  6 tyrant leeches
  34 blink frogs
  A tarantella (shapeshifter) (Lair:5)
  4 hornets
  12 dream sheep
  14 spriggans
  2 ynoxinuls (Lair:5)
  3 air elementals (Elf:2)
  A water elemental (Elf:1)
  A shadow (D:10)
  53 yaks
  A vampire (D:10)
  2 dire elephant simulacra (IceCv)
  4 wyverns
  8 basilisks
  A chaos spawn (Lair:5)
  A steam dragon (Bailey)
  Menkaure (D:5)
  3 wargs
  2 harpy simulacra (IceCv)
  8 swamp worms
  A hydra simulacrum (IceCv)
  4 nagas (Lair:2)
  12 water moccasins
  4 swamp drakes
  A nameless horror (Lair:5)
  4 black bears
  3 sky beasts
  7 ice beasts
  27 orc warriors
  13 ogres
  27 wolves
  2 lemures (D:9)
  A phantom (D:5)
  2 kobold brigands (D:8)
  Blork the orc (D:5)
  17 bullfrogs
  A scorpion (D:3)
  A two-headed ogre simulacrum (IceCv)
  2 earth elementals (Elf:1)
  A wight (D:8)
  18 killer bees
  4 howler monkeys (D:8)
  6 electric eels
  11 small abominations (Lair:5)
  5 hounds
  4 jellies
  8 orc priests
  2 gnoll boudas
  6 iguanas
  15 orc wizards
  A troll simulacrum (IceCv)
  7 hell rats (Lair:5)
  A wolf simulacrum (IceCv)
  2 howler monkey zombies (D:10)
  14 gnolls
  5 adders
  5 white imps
  A worm (D:2)
  3 dart slugs
  63 orcs
  3 ball pythons
  9 bats
  5 endoplasms
  3 giant cockroaches
  8 goblins
  6 hobgoblins
  5 jackals
  8 kobolds
  3 quokkas
  5 frilled lizards
  2 rats
763 creatures vanquished.

Vanquished Creatures (collateral kills)
  the Lernaean hydra (Swamp:4)
  2 eleionomae (Swamp:2)
  2 bunyips
  A ghost crab (Swamp:1)
  6 hydras
  5 dancing weapons
  5 alligators
  A death yak (Lair:5)
  A thrashing horror (Lair:5)
  A deep elf knight (Elf:2)
  A spriggan berserker (Swamp:4)
  3 goliath frogs
  5 swamp dragons
  A spriggan druid (Swamp:2)
  3 bog bodies
  A lindwurm (Lair:4)
  A deep elf pyromancer (Elf:1)
  3 deep elf zephyrmancers
  2 will-o-the-wisps (Swamp:2)
  A smoke demon (Lair:5)
  5 tyrant leeches
  3 hornets
  2 blink frogs (Lair:5)
  5 spriggans
  9 swamp worms
  A black bear (Lair:4)
  A swamp drake (Swamp:4)
  10 foxfires
82 creatures vanquished.

Vanquished Creatures (others)
  A goliath frog (Swamp:1)
  3 bloated husks
  A human (D:3)
  A briar patch (Swamp:4)
  1263 foxfires
  55 fungi
  70 plants
1394 creatures vanquished.

Grand Total: 2239 creatures vanquished

Notes
Turn   | Place    | Note
-------+----------+-------------------------------------------
     0 | D:1      | brknglss the Gnoll Fire Elementalist began the quest for
                  | the Orb.
     0 | D:1      | Reached XP level 1. HP: 13/13 MP: 6/6
   462 | D:1      | Found a faded altar of an unknown god.
   466 | D:1      | Reached XP level 2. HP: 19/19 MP: 1/7
  1201 | D:2      | Learned a level 2 spell: Scorch
  1357 | D:2      | Found an ornate altar of the Wu Jian Council.
  1392 | D:2      | Identified the amulet "Giyr" {Acrobat rF+ Int+5}
  1459 | D:2      | Reached skill level 5 in Spellcasting
  1459 | D:2      | Reached XP level 3. HP: 24/25 MP: 7/9
  1614 | D:2      | Found Worax's Book Boutique.
  1788 | D:2      | Reached skill level 1 in Invocations
  1954 | D:2      | Reached skill level 1 in Fighting
  1954 | D:2      | Reached skill level 1 in Short Blades
  1954 | D:2      | Reached skill level 1 in Long Blades
  1954 | D:2      | Reached skill level 1 in Axes
  1954 | D:2      | Reached skill level 1 in Maces & Flails
  1954 | D:2      | Reached skill level 1 in Polearms
  1954 | D:2      | Reached skill level 1 in Staves
  1954 | D:2      | Reached skill level 1 in Ranged Weapons
  1954 | D:2      | Reached skill level 1 in Throwing
  1954 | D:2      | Reached skill level 1 in Armour
  1954 | D:2      | Reached skill level 1 in Shields
  1954 | D:2      | Reached skill level 1 in Unarmed Combat
  1954 | D:2      | Reached skill level 1 in Evocations
  2047 | D:2      | You fall into a shaft and drop 1 floor!
  2047 | D:3      | Found a glowing golden altar of the Shining One.
  2120 | D:3      | Found an ancient bone altar of Kikubaaqudgha.
  2195 | D:3      | Noticed a scorpion
  2204 | D:3      | Killed a scorpion
  2205 | D:3      | Reached skill level 1 in Hexes
  2205 | D:3      | Reached skill level 1 in Summonings
  2205 | D:3      | Reached skill level 1 in Necromancy
  2205 | D:3      | Reached skill level 1 in Translocations
  2205 | D:3      | Reached skill level 1 in Transmutations
  2205 | D:3      | Reached skill level 1 in Ice Magic
  2205 | D:3      | Reached skill level 1 in Air Magic
  2205 | D:3      | Reached skill level 1 in Earth Magic
  2205 | D:3      | Reached skill level 1 in Poison Magic
  2205 | D:3      | Reached XP level 4. HP: 29/32 MP: 3/11
  2205 | D:3      | Reached XP level 5. HP: 33/37 MP: 3/12
  2291 | D:3      | Found a radiant altar of Vehumet.
  2291 | D:3      | Noticed a frost-covered statue
  2318 | D:3      | Noticed a human
  2320 | D:3      | Killed a human
  2419 | D:3      | Learned a level 4 spell: Flame Wave
  2826 | D:4      | Identified the +1 ring mail of the Armoured One {rF+ rN+
                  | Will- SInv}
  3073 | D:4      | Noticed a sky beast
  3084 | D:4      | Killed a sky beast
  3085 | D:4      | Reached skill level 5 in Dodging
  3085 | D:4      | Reached XP level 6. HP: 25/44 MP: 2/14
  3796 | D:5      | Entered Level 5 of the Dungeon
  3807 | D:5      | Noticed a sky beast
  3815 | D:5      | Killed a sky beast
  4023 | D:5      | Reached XP level 7. HP: 50/50 MP: 4/15
  4456 | D:5      | Reached skill level 5 in Stealth
  4709 | D:5      | Reached XP level 8. HP: 58/58 MP: 8/16
  4713 | D:5      | Noticed Blork the orc
  4764 | D:5      | Killed Blork the orc
  4949 | D:5      | Noticed Menkaure
  4957 | D:5      | Killed Menkaure
  5091 | D:5      | Found a blossoming altar of Fedhas.
  5121 | D:5      | Found a staircase to the Ecumenical Temple.
  5154 | Temple   | Entered the Ecumenical Temple
  5216 | Temple   | Became a worshipper of Ashenzari the Shackled
  6000 | D:6      | Noticed Prince Ribbit
  6007 | D:6      | Killed Prince Ribbit
  6008 | D:6      | Reached XP level 9. HP: 65/65 MP: 13/18
  6016 | D:6      | Identified the +8 dagger "Qovvel" {freeze, rF+ Int+2}
  6387 | D:6      | Found a runed translucent door.
  6388 | D:6      | Noticed CertainDeath's ghost (novice AtWr)
  6408 | D:6      | Killed CertainDeath's ghost
  6628 | D:6      | Noticed Maggie
  6634 | D:6      | Learned a level 3 spell: Frozen Ramparts
  6650 | D:6      | Killed Maggie
  6862 | D:6      | Reached skill level 5 in Invocations
  7625 | D:7      | Identified the +0 cloak "Usip" {+Inv rF+ Will+}
  8141 | D:7      | Reached skill level 5 in Fighting
  8141 | D:7      | Reached skill level 5 in Short Blades
  8141 | D:7      | Reached skill level 5 in Long Blades
  8141 | D:7      | Reached skill level 5 in Axes
  8141 | D:7      | Reached skill level 5 in Maces & Flails
  8141 | D:7      | Reached skill level 5 in Polearms
  8141 | D:7      | Reached skill level 5 in Staves
  8141 | D:7      | Reached skill level 5 in Ranged Weapons
  8141 | D:7      | Reached skill level 5 in Throwing
  8141 | D:7      | Reached skill level 5 in Armour
  8141 | D:7      | Reached skill level 5 in Shields
  8141 | D:7      | Reached skill level 5 in Unarmed Combat
  8141 | D:7      | Reached skill level 5 in Evocations
  8141 | D:7      | Reached XP level 10. HP: 74/74 MP: 8/20
  8474 | D:8      | Found a shadowy altar of Dithmenos.
  8565 | D:8      | Reached skill level 5 in Conjurations
  9064 | D:8      | Noticed Amaemon
  9064 | D:8      | Noticed an orange demon
  9377 | D:8      | Killed an orange demon
  9383 | D:8      | Killed Amaemon
  9852 | D:8      | Found a glowing silver altar of Zin.
  9852 | D:8      | Found an opulent altar of Gozag.
  9973 | D:9      | Noticed Psyche
  9989 | D:9      | Killed Psyche
 10208 | D:9      | Noticed Pikel
 10219 | D:9      | Killed Pikel
 10220 | D:9      | Reached skill level 5 in Hexes
 10220 | D:9      | Reached skill level 5 in Summonings
 10220 | D:9      | Reached skill level 5 in Necromancy
 10220 | D:9      | Reached skill level 5 in Translocations
 10220 | D:9      | Reached skill level 5 in Transmutations
 10220 | D:9      | Reached skill level 5 in Ice Magic
 10220 | D:9      | Reached skill level 5 in Air Magic
 10220 | D:9      | Reached skill level 5 in Earth Magic
 10220 | D:9      | Reached skill level 5 in Poison Magic
 10220 | D:9      | Reached XP level 11. HP: 77/81 MP: 7/22
 10341 | D:9      | Found a burning altar of Makhleb.
 10458 | D:9      | Found a staircase to the Orcish Mines.
 10632 | D:9      | Identified the +9 dagger "Qeetaeto" {protect, Str+4 Int+5
                  | Stlth+}
 10719 | D:9      | Identified the +8 chain mail "Zuuteax" {rF+ rC+ MP+9
                  | Stlth+}
 10944 | D:10     | Entered Level 10 of the Dungeon
 10985 | D:10     | Noticed Harold
 11189 | D:10     | Killed Harold
 11190 | D:10     | Found a basalt altar of Yredelemnul.
 11420 | D:10     | Found a flagged portal.
 11432 | Bailey   | Entered a bailey
 11520 | Bailey   | Noticed a two-headed ogre
 11532 | Bailey   | Killed a two-headed ogre
 11654 | Bailey   | Identified the +3 acid dragon scales of Ubiquitous Music
                  | {Rampage rCorr Dex+3}
 12001 | D:10     | Reached XP level 12. HP: 91/91 MP: 13/24
 12736 | D:10     | Found a staircase to the Lair.
 13243 | D:11     | Identified the +7 whip "Fofeh" {freeze, rPois rC- Dex+4}
 13296 | D:11     | Identified the +1 leather armour "Kihyipse" {Will+ Int-3
                  | Dex+2}
 13814 | D:12     | Noticed Jorgrun
 13878 | Lair:1   | Entered Level 1 of the Lair of Beasts
 14753 | Lair:1   | Reached * piety under Ashenzari
 15224 | Lair:2   | Reached XP level 13. HP: 101/101 MP: 12/27
 15488 | Lair:2   | Found a staircase to the Swamp.
 16259 | Lair:2   | Identified the +1 robe "Fotoqel" {Str+5 Int-5}
 16430 | Lair:2   | Reached skill level 10 in Spellcasting
 16711 | Lair:2   | Found a staircase to the Snake Pit.
 17590 | Lair:3   | Reached skill level 10 in Dodging
 18505 | Lair:3   | Reached skill level 10 in Stealth
 18683 | Lair:3   | Reached skill level 10 in Invocations
 18683 | Lair:3   | Reached XP level 14. HP: 110/110 MP: 21/29
 18880 | Lair:4   | Found a frozen archway.
 18901 | IceCv    | Entered an ice cave
 19804 | IceCv    | Noticed a reaper
 19819 | IceCv    | Killed a reaper
 20909 | Lair:4   | Learned a level 5 spell: Summon Mana Viper
 20915 | Lair:4   | Reached ** piety under Ashenzari
 21042 | Lair:4   | Identified Sif Muna's Collected Works on Snow
 21519 | Lair:4   | Learned a level 6 spell: Summon Cactus Giant
 21544 | Lair:5   | Entered Level 5 of the Lair of Beasts
 21571 | Lair:5   | Reached skill level 10 in Fire Magic
 21800 | Lair:5   | Reached skill level 10 in Fighting
 21800 | Lair:5   | Reached skill level 10 in Short Blades
 21800 | Lair:5   | Reached skill level 10 in Long Blades
 21800 | Lair:5   | Reached skill level 10 in Axes
 21800 | Lair:5   | Reached skill level 10 in Maces & Flails
 21800 | Lair:5   | Reached skill level 10 in Polearms
 21800 | Lair:5   | Reached skill level 10 in Staves
 21800 | Lair:5   | Reached skill level 10 in Ranged Weapons
 21800 | Lair:5   | Reached skill level 10 in Throwing
 21800 | Lair:5   | Reached skill level 10 in Armour
 21800 | Lair:5   | Reached skill level 10 in Shields
 21800 | Lair:5   | Reached skill level 10 in Unarmed Combat
 21800 | Lair:5   | Reached skill level 10 in Evocations
 21985 | Lair:5   | Reached XP level 15. HP: 79/119 MP: 18/31
 22596 | Lair:5   | Found a viscous altar of Jiyva.
 22596 | Lair:5   | Found a staircase to the Slime Pits.
 24562 | Lair:5   | Found a corrupted altar of Lugonu.
 24563 | Lair:5   | Identified the +3 rapier of Wounding {venom, rC+}
 24563 | Lair:5   | Found a one-way gate to the infinite horrors of the Abyss.
 24893 | Lair:5   | Learned a level 4 spell: Summon Ice Beast
 25410 | Orc:1    | Entered Level 1 of the Orcish Mines
 26066 | Orc:2    | Entered Level 2 of the Orcish Mines
 26203 | Orc:2    | Noticed an orc warlord
 26282 | Orc:1    | Killed an orc warlord
 26283 | Orc:1    | Reached skill level 10 in Ice Magic
 26365 | Orc:1    | Reached *** piety under Ashenzari
 26670 | Orc:2    | Found Adicim's Antique Armour Shop.
 26938 | Orc:2    | Found Patiem's Antique Weapon Boutique.
 26950 | Orc:2    | Found Unipro's General Store.
 26958 | Orc:2    | Bought a scroll of acquirement for 572 gold pieces
 27072 | Orc:2    | Found Maiff's Jewellery Boutique.
 27084 | Orc:2    | Bought a ring of wizardry for 390 gold pieces
 27102 | Orc:2    | Found a staircase to the Elven Halls.
 27192 | Orc:2    | Reached **** piety under Ashenzari
 27419 | Orc:2    | Acquired 950 gold pieces
 27432 | Orc:2    | Learned a level 5 spell: Lee's Rapid Deconstruction
 27558 | Swamp:1  | Entered Level 1 of the Swamp
 27558 | Swamp:1  | Noticed Nikola
 27572 | Swamp:1  | Killed Nikola
 27578 | Swamp:1  | Reached XP level 16. HP: 73/132 MP: 6/34
 27874 | Swamp:1  | Identified Roxanne's Meditations on Grit
 27874 | Swamp:1  | Noticed Roxanne
 27884 | Swamp:1  | Killed Roxanne
 28012 | Swamp:1  | Learned a level 6 spell: Iron Shot
 28639 | Swamp:1  | Identified the +6 broad axe of Moderation {freeze, rPois
                  | Dex+2}
 30268 | Swamp:3  | Noticed a thorn hunter
 30782 | Swamp:3  | Killed a thorn hunter
 31093 | Swamp:3  | Reached ***** piety under Ashenzari
 31396 | Swamp:3  | HP: 6/138 [poisoned by a death drake (dark miasma)]
 31723 | Swamp:3  | Identified the +10 longbow of Botuunea {venom, Will- Str+5}
 31969 | Swamp:4  | Entered Level 4 of the Swamp
 31970 | Swamp:4  | Noticed a thorn hunter
 32010 | Swamp:4  | Killed a thorn hunter
 32011 | Swamp:4  | Reached skill level 10 in Conjurations
 32548 | Swamp:4  | Noticed the 27-headed Lernaean hydra
 32678 | Swamp:4  | Killed the 27-headed Lernaean hydra
 33237 | Swamp:4  | Reached XP level 17. HP: 144/144 MP: 11/38
 33803 | Swamp:4  | Reached skill level 10 in Hexes
 33803 | Swamp:4  | Reached skill level 10 in Summonings
 33803 | Swamp:4  | Reached skill level 10 in Necromancy
 33803 | Swamp:4  | Reached skill level 10 in Translocations
 33803 | Swamp:4  | Reached skill level 10 in Transmutations
 33803 | Swamp:4  | Reached skill level 10 in Air Magic
 33803 | Swamp:4  | Reached skill level 10 in Earth Magic
 33803 | Swamp:4  | Reached skill level 10 in Poison Magic
 35298 | Swamp:4  | Got a decaying rune of Zot
 35645 | Elf:1    | Entered Level 1 of the Elven Halls
 35759 | Elf:1    | Found a radiant altar of Vehumet.
 37439 | Elf:2    | Noticed a deep elf blademaster
 37497 | Elf:1    | Killed a deep elf blademaster
 37704 | Elf:2    | Noticed a deep elf master archer
 37720 | Elf:2    | Killed a deep elf master archer
 38240 | Elf:2    | Found Burphul's Distillery.
 38250 | Elf:2    | Bought a potion of magic for 96 gold pieces
 38250 | Elf:2    | Bought a potion of heal wounds for 60 gold pieces
 38275 | Elf:2    | Learned a level 8 spell: Ignition
 38356 | Elf:2    | Found an ancient bone altar of Kikubaaqudgha.
 38441 | Elf:2    | Identified the +6 war axe "Mustohus" {vorpal, Stlth+}
 38447 | Elf:2    | Found a runed translucent gate.
 38447 | Elf:2    | Found a runed translucent gate.
 38448 | Elf:2    | Found a runed translucent gate.
 38577 | Elf:2    | Killed from afar by a deep elf knight

Illustrated notes

Levels and vault maps discovered:
D:1:      dpeg_arrival_renting, layout_basic,
          dreamdust_ecumenical_altar_statues, minmay_misc_feat_encased,
          minmay_door_square
D:2:      layout_loops_corners, basic_altar, serial_shops,
          nicolae_shop_advertising_works [nicolae_subvault_shop_adworks],
          kennysheep_boxes
D:3:      layout_rooms, amcnicky_altar_gilded, vehumet_statue, tgw_kikubaaqudgha
D:4:      layout_cave_pods
D:5:      nicolae_cairo_tiling, layout_loops_ring, fedhas_altar_1,
          temple_doors_ab, uniq_blork_the_orc, uniq_menkaure
D:6:      layout_basic, ebering_ghost_reflecting_pool, uniq_maggie,
          uniq_prince_ribbit1
D:7:      layout_loops_corners, kennysheep_path_1
D:8:      layout_loops_ring, mainiacjoe_overflow_surrounded_room,
          grunt_temple_overflow_gold_and_silver, serial_bayou_pond_b,
          uniq_amaemon
D:9:      layout_roguey, mainiacjoe_overflow_chevrons, orc_0_dummy,
          nicolae_concentric_dashed_squares_mild, uniq_psyche, uniq_pikel
D:10:     layout_layer_cave, nicolae_yredelemnul_corpse_copse,
          david_lair_generic, enter_bailey_3, uniq_harold
D:11:     layout_roguey
D:12:     layout_long_grid, uniq_maurice, uniq_jorgrun
Temple:   nicolae_temple_bog_church
Lair:1:   layout_regular_city, serial_bayou_pond_e, serial_bayou_lagoon_b
Lair:2:   layout_chaotic_city, skrybe_swamp_entry_bodies,
          minmay_snake_entry_guardpost_large, infiniplex_staircase_pool
Lair:3:   layout_roguey
Lair:4:   dragon1_lemuel, layout_loops_ring, portal_ice_cave_entry_pillars_1
Lair:5:   hellmonk_lair_end_abyssal_woods, layout_cave_pods,
          minmay_slime_entry_pillars, lookout_lair_type, ice2_lemuel,
          grunt_megastairs_5
Swamp:1:  layout_basic_swamp, nicolae_swamp_orc_logging_accident, uniq_nikola,
          uniq_roxanne
Swamp:2:  layout_basic_swamp, evilmike_swamp_ruin_house_3
Swamp:3:  nicolae_swamp_decorative_isthmus, layout_basic_swamp,
          nicolae_swamp_triple_paths
Swamp:4:  swamp_old_school, layout_basic_swamp, swamp_pool1
Orc:1:    layout_caves
Orc:2:    grunt_orc_gardens, layout_caves, grunt_orc_garden, grunt_orc_garden,
          grunt_orc_garden, grunt_orc_garden, basic_altar, minmay_orc_keep
Elf:1:    eino_elf_arrival_altar, layout_geoelf_octagon,
          hangedman_elven_crosses_minicolossus
Elf:2:    nicolae_elf_blades_splatter_lattice [mumra_blade_entry_bloodbath],
          layout_geoelf_octagon, serial_shops, shop, basic_altar,
          nicolae_elf_martial_mastery

Skill      XL: |  1  2  3  4  5  6  7  8  9 10 11 12 13 14 15 16 17 |
---------------+----------------------------------------------------+-----
Conjurations   | 2 3 4 5 6 7 8 9 10 | 10.8
Spellcasting   | 5 6 7 8 9 10 11 12 13 | 13.3
Invocations    | 1 2 3 4 5 6 7 8 10 11 12 13 | 13.5
Fighting       | 1 2 3 5 6 7 8 9 10 11 12 | 12.4
Short Blades   | 1 2 3 5 6 7 8 9 10 11 12 | 12.4
Long Blades    | 1 2 3 5 6 7 8 9 10 11 12 | 12.4
Axes           | 1 2 3 5 6 7 8 9 10 11 12 | 12.4
Maces & Flails | 1 2 3 5 6 7 8 9 10 11 12 | 12.4
Polearms       | 1 2 3 5 6 7 8 9 10 11 12 | 12.4
Staves         | 1 2 3 5 6 7 8 9 10 11 12 | 12.4
Ranged Weapons | 1 2 3 5 6 7 8 9 10 11 12 | 12.4
Throwing       | 1 2 3 5 6 7 8 9 10 11 12 | 12.4
Armour         | 1 2 3 5 6 7 8 9 10 11 12 | 12.4
Shields        | 1 2 3 5 6 7 8 9 10 11 12 | 12.4
Unarmed Combat | 1 2 3 5 6 7 8 9 10 11 12 | 12.4
Evocations     | 1 2 3 5 6 7 8 9 10 11 12 | 12.4
Hexes          | 1 2 3 4 5 6 7 8 9 10 | 10.5
Summonings     | 1 2 3 4 5 6 7 8 9 10 | 10.5
Necromancy     | 1 2 3 4 5 6 7 8 9 10 | 10.5
Translocations | 1 2 3 4 5 6 7 8 9 10 | 10.5
Transmutations | 1 2 3 4 5 6 7 8 9 10 | 10.5
Ice Magic      | 1 2 3 4 5 6 7 8 10 11 12 | 12.5
Air Magic      | 1 2 3 4 5 6 7 8 9 10 | 10.5
Earth Magic    | 1 2 3 4 5 6 7 8 9 10 | 10.5
Poison Magic   | 1 2 3 4 5 6 7 8 9 10 | 10.5
Dodging        | 5 6 7 8 9 10 11 12 13 | 13.2
Stealth        | 5 6 7 8 9 10 11 12 13 | 13.1
Fire Magic     | 6 7 8 9 10 11 | 11.8

Action                   |  1- 3 |  4- 6 |  7- 9 | 10-12 | 13-15 | 16-18 || total
-------------------------+-------+-------+-------+-------+-------+-------++-------
Melee: Dagger            |    59 |       |    18 |   162 |   320 |   177 ||   736
       Bite              |     4 |     5 |     2 |    18 |    51 |    24 ||   104
       Flail             |       |    22 |    18 |       |       |       ||    40
 Cast: Foxfire           |    64 |    44 |    52 |   151 |   318 |    84 ||   713
       Scorch            |     3 |     8 |    65 |    89 |   112 |    94 ||   371
       Flame Wave        |       |     2 |     4 |    22 |    96 |     6 ||   130
       Frozen Ramparts   |       |       |     3 |    20 |    24 |       ||    47
       Summon Mana Viper |       |       |       |       |     5 |    46 ||    51
       Summon Cactus Gia |       |       |       |       |     5 |    40 ||    45
       Summon Ice Beast  |       |       |       |       |     4 |    35 ||    39
       Lee's Rapid Decon |       |       |       |       |       |    39 ||    39
       Iron Shot         |       |       |       |       |       |    52 ||    52
       Ignition          |       |       |       |       |       |     2 ||     2
Invok: Curse Item        |       |       |       |     2 |     4 |     2 ||     8
Evoke: Wand              |       |       |       |     2 |       |     2 ||     4
       Piece from Xom's  |       |       |       |       |     2 |       ||     2
       Tin of tremorston |       |       |       |       |       |     2 ||     2
  Use: Scroll            |       |     7 |     1 |     6 |     2 |     3 ||    19
       Potion            |       |       |     2 |     1 |     5 |     5 ||    13
 Stab: Sleeping          |     4 |     2 |     4 |     2 |    21 |     9 ||    42
       Distracted        |       |       |       |     1 |     1 |       ||     2
Armor: Robe              |     6 |       |       |       |       |       ||     6
       Leather armour    |     9 |     7 |    10 |    14 |       |       ||    40
       Troll leather arm |       |       |       |    41 |       |       ||    41
       Chain mail        |       |       |       |    34 |       |       ||    34
       Acid dragon scale |       |       |       |    40 |   205 |   124 ||   369
Dodge: Dodged            |    57 |    33 |    66 |   277 |   679 |   260 ||  1372
Block: Buckler           |     5 |     6 |    21 |    99 |   250 |   100 ||   481

Table legend: (Time is in decaauts)
 A = Elapsed time spent in this place.
 B = Non-inter-level travel time spent in this place.
 C = Inter-level travel time spent in this place.
 D = Time resting spent in this place.
 E = Time spent auto-exploring this place.
 F = Levels seen in this place.
 G = Mean time per level.
                   A        B        C        D        E       F      G
               +--------+--------+--------+--------+--------+-----+--------+
         Total |  38658 |  37473 |   1185 |  16857 |  12300 |  28 | 1380.6 |
       Dungeon |  13536 |  12851 |    685 |   4488 |   5768 |  12 | 1128.0 |
        Temple |     82 |     66 |     16 |      0 |     48 |   1 |   82.0 |
          Lair |  10309 |  10065 |    244 |   4761 |   2846 |   5 | 2061.8 |
         Swamp |   8013 |   7842 |    171 |   4469 |   1755 |   4 | 2003.2 |
  Orcish Mines |   2035 |   1993 |     42 |    611 |    924 |   2 | 1017.5 |
   Elven Halls |   2902 |   2876 |     26 |   1385 |    878 |   2 | 1451.0 |
        Bailey |    554 |    554 |      0 |    278 |     55 |   1 |  554.0 |
      Ice Cave |   1224 |   1224 |      0 |    865 |     24 |   1 | 1224.0 |
               +--------+--------+--------+--------+--------+-----+--------+

Top non-repeatable levels by time:
  Lair:5: 3402 daAuts
 Swamp:4: 3203 daAuts
  Lair:1: 2114 daAuts
 Swamp:3: 2082 daAuts
   Elf:1: 1938 daAuts
  Lair:2: 1793 daAuts
  Lair:4: 1707 daAuts
     D:5: 1658 daAuts
 Swamp:2: 1645 daAuts
     D:8: 1526 daAuts
     D:9: 1516 daAuts
     D:6: 1463 daAuts
    D:10: 1452 daAuts
     D:7: 1390 daAuts
  Lair:3: 1292 daAuts
